 Dungeon Crawl Stone Soup version 0.28.0-53-g5a82cb258f (webtiles) character file.

Game seed: 7344575080666880680

256 Kranky the Skirmisher (level 6, -4/45 HPs)
             Began as an Octopode Fighter on June 21, 2022.
             Slain by an ogre
             ... wielding a +0 giant club
              (13 damage)
             ... on level 3 of the Dungeon.
             The game lasted 00:05:24 (2440 turns).

Kranky the Skirmisher (Octopode Fighter)            Turns: 2440, Time: 00:05:25

Health: -4/45      AC:  1    Str: 22    XL:     6   Next: 15%
Magic:  6/6        EV: 13    Int: 10    God:
Gold:   87         SH:  5    Dex: 13    Spells: 5/5 levels left

rFire   . . .      SeeInvis +   j - +1 dagger (venom)
rCold   . . .      Faith    .   b - +0 buckler
rNeg    + . .      Spirit   .   (helmet restricted)
rPois   .          Reflect  .   (no amulet)
rElec   .          Harm     .   i - ring of positive energy
rCorr   .          Rampage  .   l - +6 ring of strength
Will    .....                   m - ring of see invisible
Stlth   ++++......              (no ring)
HPRegen 0.15/turn               (no ring)
MPRegen 0.10/turn               (no ring)
                                (no ring)
                                (no ring)

@: no status effects
A: almost no armour, amphibious, 8 rings, camouflage 1, gelatinous body 1,
nimble swimmer 1, tentacles
a: no special abilities


You were on level 3 of the Dungeon.
You visited 1 branch of the dungeon, and saw 3 of its levels.

You collected 113 gold pieces.
You spent 26 gold pieces at shops.

Inventory:

Hand Weapons
 a - a +0 flail
 j - a +1 dagger of venom (weapon)
Armour
 b - a +0 buckler (worn)
Jewellery
 i - a ring of positive energy (left tentacle)
 l - a +6 ring of strength (right tentacle)
 m - a ring of see invisible (on tentacle)
Scrolls
 d - 2 scrolls of identify
 f - a scroll of teleportation {unknown}
 k - a scroll of summoning {unknown}
 o - 2 scrolls of torment {unknown}
 q - a scroll of fog {unknown}
 r - a scroll of enchant weapon {unknown}
 s - a scroll of amnesia {unknown}
Potions
 c - a potion of might
 e - a potion of flight
 g - a potion of resistance
 h - 3 potions of brilliance
 n - a potion of haste {unknown}
 p - a potion of degeneration {unknown}


   Skills:
 + Level 5.4 Fighting
 - Level 2.0 Maces & Flails
 + Level 3.5 Dodging
 - Level 4.0 Stealth
 + Level 3.3 Shields


You had 5 spell levels left.
You didn't know any spells.
Your spell library was empty.

Dungeon Overview and Level Annotations

Branches:
Dungeon (3/15)

Altars:
Wu Jian

Shops:
D:2 ?   D:3 (

Annotations:
D:3 Ijyb


Innate Abilities, Weirdness & Mutations

You cannot wear most types of armour.
You are amphibious.
You can wear up to eight rings at the same time.
Your skin changes colour to match your surroundings (Stealth+).
Your rubbery body absorbs attacks. (AC +1, EV +1)
You are camouflaged when in or above water. (Stealth+)
You have tentacles for arms and can constrict up to eight enemies at once.


Message History

The gnoll is moderately wounded.
You constrict the gnoll.
The gnoll struggles to escape constriction.
You hit the gnoll.
The gnoll looks as sick as possible!
The gnoll is almost dead.
You constrict the gnoll.
You kill the gnoll!
You closely miss the gnoll. You grab the gnoll. You constrict the gnoll.
You block the gnoll's attack.
You hit the gnoll.
The gnoll is poisoned.
You squeeze the gnoll.
You kill the gnoll!
Unknown command.
The gnoll closely misses you.
You hit the gnoll.
The gnoll is poisoned.
You grab the gnoll.
The gnoll is moderately wounded.
You constrict the gnoll. The gnoll hits you with a +0 club.
You hit the gnoll.
The gnoll looks as sick as possible!
The gnoll is severely wounded.
You constrict the gnoll.
You kill the gnoll!
An orc comes into view. It is wielding a +0 flail.
You hit the orc. Your grab misses the orc.
The orc is lightly wounded.
The orc barely misses you.
You closely miss the orc. Your grab misses the orc.
The orc is lightly wounded.
The orc hits you with a +0 flail!
* * * LOW HITPOINT WARNING * * *
You closely miss the orc. Your grab misses the orc. You tentacle-slap the orc.
The orc is almost dead.
The orc misses you.
You hit the orc.
You kill the orc!
You hit the plant.
The plant begins to die.
The plant is poisoned.
You grab the plant.
The plant is lightly damaged.
You constrict the plant.
You release your grip on the plant.
A nearby plant withers and dies.
The ogre hits you with a +0 giant club!
You die...

#.≈≈≈....# #.≈≈≈..P.#
#.≈≈≈....# #.≈≈≈....#
#.≈≈≈....# #g#.≈≈≈....#
#.#.≈≈≈....#
#.#.≈@≈....#
#'###≈O....#
############...#≈≈....#
..)........#...#≈≈....#
≈)≈≈≈≈≈≈≈≈≈#####≈≈....#
≈≈≈≈≈≈≈≈≈≈≈≈≈≈≈≈≈o....#
≈)≈≈≈≈≈≈≈o≈≈≈≈≈≈≈≈....#
................P.....#
##......)##############


You could see an ogre and an orc.

Vanquished Creatures
  Natasha (thrice) (D:2)
  6 gnolls (D:3)
  4 adders (D:2)
  8 orcs (D:3)
  7 endoplasms
  4 giant cockroaches
  6 goblins
  9 hobgoblins
  11 jackals
  2 quokkas
  5 ball pythons
  6 bats
  3 frilled lizards
  2 kobolds (D:1)
  5 rats
81 creatures vanquished.

Vanquished Creatures (others)
  4 plants (D:3)
4 creatures vanquished.

Grand Total: 85 creatures vanquished

Notes
Turn   | Place    | Note
-------+----------+-------------------------------------------
     0 | D:1      | Kranky the Octopode Fighter began the quest for the Orb.
     0 | D:1      | Reached XP level 1. HP: 16/16 MP: 1/1
    39 | D:1      | Reached skill level 1 in Stealth
   109 | D:1      | Reached XP level 2. HP: 21/21 MP: 2/2
   560 | D:1      | Reached XP level 3. HP: 22/26 MP: 3/3
  1177 | D:2      | Reached XP level 4. HP: 33/33 MP: 4/4
  1206 | D:2      | Found a faded altar of an unknown god.
  1229 | D:2      | Found Ahiypt's Magic Scroll Shop.
  1237 | D:2      | Bought a scroll of identify for 26 gold pieces
  1241 | D:2      | Noticed Natasha
  1248 | D:2      | Killed Natasha
  1249 | D:2      | Reached skill level 4 in Fighting
  1624 | D:2      | Noticed Natasha
  1629 | D:2      | Killed Natasha
  1630 | D:2      | Reached XP level 5. HP: 31/38 MP: 5/5
  1732 | D:2      | Noticed Natasha
  1739 | D:2      | Killed Natasha
  1928 | D:3      | Found Haxkaeb's Antique Weapon Boutique.
  2091 | D:3      | Found an ornate altar of the Wu Jian Council.
  2320 | D:3      | Reached skill level 5 in Fighting
  2364 | D:3      | Noticed an ogre
  2388 | D:3      | Reached XP level 6. HP: 16/45 MP: 6/6
  2427 | D:3      | Noticed Ijyb
  2440 | D:3      | Slain by an ogre

Illustrated notes

Levels and vault maps discovered:
D:1:      roderic_octagonal_star, layout_basic, minivault_19,
          nicolae_concentric_dashed_squares_wild, minmay_misc_feat_tiny
D:2:      layout_loops_ring, serial_shops, nicolae_shop_waterfront,
          ebering_ecumenical_altar_hall, uniq_natasha
D:3:      lemuel_castle_with_subvaults [lemuel_castle_interior_original],
          layout_rooms, amcnicky_altar_gilded, jmf_multi_god_temple2,
          mainiacjoe_overflow_surrounded_room, serial_shops, nicolae_shop_stone,
          minmay_tree_intersection, serial_bayou_pond_b, uniq_ijyb

Skill      XL: |  1  2  3  4  5 |
---------------+----------------+-----
Stealth        | 1 2 3 4 |  4.0
Fighting       | 4 5 |  5.4
Maces & Flails | |  2.0
Dodging        | |  3.5
Shields        | |  3.3

Action                   |  1- 3 |  4- 6 || total
-------------------------+-------+-------++-------
Melee: Flail             |    70 |     9 ||    79
       Constrict         |    18 |    27 ||    45
       Tentacles         |     9 |    16 ||    25
       Dagger            |       |    70 ||    70
       Punch             |       |     1 ||     1
  Use: Scroll            |       |     3 ||     3
 Stab: Sleeping          |    10 |     6 ||    16
Armor: Skin              |     3 |     1 ||     4
Dodge: Dodged            |    38 |    31 ||    69
Block: Buckler           |    11 |     5 ||    16
